 Dungeon Crawl Stone Soup version 0.13-a0-1672-g2e244fd (webtiles) character file.

812 istymast the Shield-Bearer (level 7, 47/48 HPs)
             Began as a High Elf Fighter on June 19, 2013.
             Was a Believer of Trog.
             Quit the game on Level 4 of the Dungeon on June 24, 2013.
             The game lasted 00:57:50 (5095 turns).

istymast the Shield-Bearer (High Elf Fighter)       Turns: 5095, Time: 00:57:50

HP  47/48        AC 10     Str 16      XL: 7   Next: 26%
MP  11/11        EV  4     Int 11      God: Trog [**....]
Gold 171         SH 20     Dex 17      Spells:  0 memorised,  6 levels left

Res.Fire  : . . .   See Invis. : .   k - +0,+2 elf short sword
Res.Cold  : . . .   Warding    : .   u - +0 orc chain mail
Life Prot.: . . .   Conserve   : .   c - +0 elf shield
Res.Poison: .       Res.Corr.  : .   (no helmet)
Res.Elec. : .       Clarity    : .   (no cloak)
Sust.Abil.: . .     Spirit.Shd : .   f - +0 pair of gloves
Res.Mut.  : .       Stasis     : .   (no boots)
Res.Rott. : .       Flight     : .   (no amulet)
Saprovore : . . .                    (no ring)
                                     (no ring)

@: slightly resistant to hostile enchantments, extremely unstealthy
A: mutation resistance 1
a: Burn Spellbooks, Berserk, Trog's Hand, Renounce Religion


You were on level 4 of the Dungeon.
You worshipped Trog.
Trog was most pleased with you.
You were not hungry.

You visited 1 branch of the dungeon, and saw 5 of its levels.

You collected 229 gold pieces.
You spent 78 gold pieces at shops.

Inventory:

Hand weapons
 a - a +0,+0 elven short sword
 h - a +0,+0 short sword
 j - a +0,+0 short sword
 k - a +0,+2 elven short sword (weapon)
 n - a -1,+1 orcish falchion
 q - a +0,+0 short sword
 v - a -1,+0 orcish short sword
 y - a +0,+0 battleaxe
 A - a +0,+0 whip
 B - a +0,+0 spear
 C - a +0,+0 spear
 D - a +0,+0 orcish flail
 F - a +0,+1 orcish hand axe
 G - a +0,+1 orcish hand axe
 I - a +1,+0 orcish dagger
 J - a +0,+0 mace
 K - a -1,+1 orcish mace
 Q - a +1,+2 short sword
 S - a +0,+0 short sword
 T - a +0,+1 orcish mace
 W - a +0,+0 mace
 X - a +0,+1 orcish hand axe
Missiles
 w - a dart of frost (quivered)
 x - 13 darts
 E - 4 javelins
 O - 7 needles of sleeping
 P - 23 arrows
 V - 25 bolts
Armour
 b - a +0 elven scale mail
 c - a +0 elven shield (worn)
 f - a +0 pair of gloves (worn)
 u - a +0 orcish chain mail (worn)
 R - a +0 scale mail
Comestibles
 d - 2 bread rations
 g - 2 meat rations
 o - a beef jerky
Scrolls
 i - 3 scrolls of identify
 m - 2 scrolls of remove curse
 z - a scroll of recharging {unknown}
 U - a scroll of curse weapon
Jewellery
 p - an uncursed ring of flight
 H - an uncursed ring of flight
 M - a cursed ring of hunger {unknown}
Potions
 e - 3 potions of curing
 N - a potion of agility
 Y - 2 potions of heal wounds


   Skills:
 * Level 3.6 Fighting
 + Level 3.4 Short Blades
 + Level 0.0 Long Blades
 - Level 1.0 Axes
 + Level 0.0 Maces & Flails
 + Level 0.0 Polearms
   Level 0.0 Staves
   Level 0.0 Slings
   Level 0.0 Bows
   Level 0.0 Crossbows
 - Level 2.9 Throwing
 + Level 4.1 Armour
 + Level 3.7 Dodging
 - Level 0.8 Stealth
   Level 0.0 Stabbing
 - Level 4.2 Shields
 - Level 0.8 Traps
 + Level 0.0 Unarmed Combat
 + Level 0.0 Spellcasting
   Level 0.0 Conjurations
   Level 0.0 Hexes
   Level 0.0 Charms
   Level 0.0 Summonings
   Level 0.0 Necromancy
   Level 0.0 Translocations
   Level 0.0 Transmutations
   Level 0.0 Fire Magic
   Level 0.0 Ice Magic
   Level 0.0 Air Magic
   Level 0.0 Earth Magic
   Level 0.0 Poison Magic
   Level 0.0 Invocations
 + Level 0.0 Evocations


You had 6 spell levels left.
You didn't know any spells.

Dungeon Overview and Level Annotations

Branches:
Dungeon (5/27)
 Temple: D:4-7

Altars:
Trog

Shops:
D:4: !


Innate Abilities, Weirdness & Mutations

You are somewhat resistant to further mutation.


Message History

That lemon was rather sour... but delicious nonetheless!
You start resting.
You feel yourself speed up.
You start resting.
You feel less exhausted.
You start resting.
You start resting.
Unknown command.
Unknown command.
Save game and exit?
Welcome back, istymast the High Elf Fighter.
Trog says: Kill them all!
Press ? for a list of commands and other information.
Drink which item? (? for menu, Esc to quit)
Okay, then.
Quiver which item? (- for none, * to show all) (? for menu, Esc to quit)
Okay, then.
Press: ? - help, v - describe, . - travel The floor.
Are you sure you want to abandon this character and quit the game? (Confirm with "yes".)

.##.#.#####.#..####.### ##.##
....#.#####.#....##.# #...#
..###.......#.#..##.# #...#####
..#.................# #........
..#........##.#...#######...#####
###........##......##...........#
# #..............................
###........##......##...........#
.##........##(..@..######...#####
.##...........>..#.# ####........
.############..###.# #......#####
.# #......# #.##...# # .# #####
##.##### #.##...# # .#
#...#######.# #.#....# #
####....<......# ##.#...^# #
.......######### #.......# #
####..## #.......### #


There were no monsters in sight!

Vanquished Creatures
  Grinder (D:4)
  A centaur (D:5)
  A crimson imp (D:4)
  A hound (D:4)
  An orc priest (D:3)
  An iguana (D:3)
  A worker ant (D:4)
  Ijyb (D:3)
  3 adders
  2 giant mites (D:3)
  2 worms (D:3)
  A giant gecko (D:1)
  9 orcs (D:3)
  2 ball pythons (D:2)
  15 bats
  7 giant cockroaches
  11 hobgoblins
  7 jackals (D:1)
  5 quokkas
  A giant gecko zombie (D:5)
  5 giant newts
  6 goblins
  10 kobolds
  A kobold skeleton (D:4)
  9 rats
104 creatures vanquished.

Notes
Turn   | Place    | Note
--------------------------------------------------------------
     0 | D:1      | istymast, the High Elf Fighter, began the quest for the Orb.
     0 | D:1      | Reached XP level 1. HP: 16/16 MP: 1/1
   113 | D:1      | Reached XP level 2. HP: 15/21 MP: 2/2
   893 | D:1      | Reached XP level 3. HP: 24/27 MP: 4/4
  1043 | D:1      | Reached skill level 1 in Dodging
  1471 | D:2      | Noticed a moth of wrath
  1482 | D:2      | Found a bloodstained altar of Trog.
  1512 | D:2      | Reached XP level 4. HP: 14/32 MP: 6/6
  1713 | D:2      | Became a worshipper of Trog the Wrathful
  2114 | D:2      | Gained mutation: You are somewhat resistant to further mutation. [potion of mutation]
  2273 | D:3      | Acquired Trog's first power
  2282 | D:3      | Reached skill level 1 in Throwing
  2536 | D:3      | Noticed Ijyb
  2580 | D:3      | Killed Ijyb
  2641 | D:3      | Reached XP level 5. HP: 32/37 MP: 7/7
  3229 | D:3      | Acquired Trog's second power
  3897 | D:4      | Noticed Grinder
  4391 | D:4      | Reached XP level 6. HP: 40/43 MP: 9/9
  4750 | D:4      | Found Sicuada's Distillery.
  4760 | D:4      | Bought a potion of heal wounds for 39 gold pieces
  4760 | D:4      | Bought a potion of heal wounds for 39 gold pieces
  4777 | D:4      | Paralysed by Grinder for 3 turns
  4789 | D:4      | Killed Grinder
  4789 | D:4      | Reached skill level 4 in Shields
  4789 | D:4      | Reached XP level 7. HP: 48/48 MP: 11/11
  4840 | D:5      | Entered Level 5 of the Dungeon
  4855 | D:5      | Reached skill level 1 in Axes
  5095 | D:4      | Quit the game

Action                   |  1- 3 |  4- 6 |  7- 9 || total
-------------------------+-------+-------+-------++-------
Melee: Short sword       |   166 |   261 |    28 ||   455
       Hand axe          |       |    61 |       ||    61
Throw: Dagger            |    12 |    46 |     2 ||    60
       Dart              |     7 |    38 |     1 ||    46
       Hand axe          |       |    11 |     2 ||    13
Invok: Berserk           |       |     4 |     1 ||     5
       Trog's Hand       |       |     1 |       ||     1
  Use: Scroll            |     4 |     5 |       ||     9
       Potion            |     4 |     3 |       ||     7
